 Dungeon Crawl Stone Soup version 0.28-a0-793-g31680bbd8b (console) character file.

Game seed: 2372073540930697145

686 petzl the Sneak (level 7, 0/46 HPs)
             Began as an Octopode Arcane Marksman on Nov 3, 2021.
             Killed from afar by an orc wizard (6 damage)
             ... with a magic dart
             ... on level 5 of the Dungeon.
             The game lasted 00:27:47 (6556 turns).

petzl the Sneak (Octopode Arcane Marksman)          Turns: 6556, Time: 00:27:48

Health: 0/46       AC:  1    Str: 10    XL:     7   Next: 62%
Magic:  13/13      EV: 14    Int: 17    God:
Gold:   184        SH:  0    Dex: 12    Spells: 13/14 levels left

rFire   . . .      SeeInvis .   a - +0 hand crossbow
rCold   . . .      Faith    .   (no shield)
rNeg    . . .      Spirit   .   (helmet restricted)
rPois   .          Reflect  .   (no amulet)
rElec   .          Harm     .   (no ring)
rCorr   .          Rampage  .   (no ring)
Will    .....                   (no ring)
Stlth   ++++......              (no ring)
HPRegen 0.15/turn               (no ring)
MPRegen 0.13/turn               (no ring)
                                (no ring)
                                (no ring)

@: about to teleport
A: almost no armour, amphibious, 8 rings, camouflage 1, gelatinous body 1,
(nimble swimmer 1), tentacles
a: no special abilities


You were on level 5 of the Dungeon.
You visited 1 branch of the dungeon, and saw 5 of its levels.

You collected 184 gold pieces.

Inventory:

Hand Weapons
 a - a +0 hand crossbow (weapon)
 b - a +2 mace of protection
 k - a +4 dagger {!f =f}
Missiles
 c - 13 bolts (quivered ammo)
 f - 9 javelins (quivered)
 g - 4 poisoned darts
 i - 5 curare-tipped darts {!*}
Wands
 q - a wand of iceblast (4)
Scrolls
 j - 3 scrolls of identify {unknown}
 m - a scroll of amnesia {unknown}
 n - a scroll of fear {unknown}
 o - 2 scrolls of enchant weapon {unknown}
 p - a scroll of torment {unknown}
Potions
 d - a potion of ambrosia {unknown}
 h - 2 potions of haste {unknown}
 l - a potion of curing {unknown}
 r - a potion of attraction {unknown}


   Skills:
 + Level 3.2 Fighting
 + Level 3.8 Crossbows
 + Level 3.8 Dodging
 + Level 4.4 Stealth
 * Level 4.2 Spellcasting
 - Level 3.0 Hexes


You had 13 spell levels left.
You knew the following spells:

 Your Spells              Type           Power      Damage    Failure   Level
a - Slow                  Hex            52%        N/A       4%          1

Your spell library contained the following spells:

 Spells                   Type           Power      Damage    Failure   Level
 Confusing Touch          Hex            13%        N/A       14%         3
 Beastly Appendage        Tmut           6%         N/A       16%         1
 Wereblood                Tmut           3%         N/A       24%         2
 Inner Flame              Hex/Fire       8%         N/A       26%         3
 Portal Projectile        Hex/Tloc       16%        N/A       26%         3
 Cause Fear               Hex            6%         N/A       41%         4
 Call Canine Familiar     Summ           3%         N/A       43%         3
 Spider Form              Tmut/Pois      3%         N/A       43%         3
 Leda's Liquefaction      Hex/Erth       4%         N/A       63%         4
 Yara's Violent Unravell  Hex/Tmut       4%         3d4       93%         5


Dungeon Overview and Level Annotations

Branches:
Dungeon (5/15)
 Temple: D:4-7

Altars:
Nemelex Xobeh
Ru

Annotations:
D:3 3 runed translucent doors, exclusion: downstairs, Strife64's ghost, amateur DjCj


Innate Abilities, Weirdness & Mutations

You cannot wear most types of armour.
You are amphibious.
You can wear up to eight rings at the same time.
Your skin changes colour to match your surroundings (Stealth+).
Your rubbery body absorbs attacks. (AC +1, EV +1)
((You are camouflaged near water. (Stealth+)))
You have tentacles for arms and can constrict up to eight enemies at once.


Message History

Aim: an orc priest, wielding a +0 club (57% to hit)
You throw a javelin.
The javelin barely misses the orc wizard.
The javelin barely misses the orc priest.
The centaur shouts!
The orc priest invokes the aid of Beogh against you.
Beogh smites you!
The orc throws a boomerang.
The boomerang barely misses you.
Unknown command.
Unknown command.
Throw: 10 javelins
Press: ? - help, Q - select action, (/) - cycle Shift-Dir - straight line, f/p - orc priest
Aim: an orc priest, wielding a +0 club (57% to hit)
You throw a javelin.
The javelin closely misses the orc wizard.
The javelin pierces through the centaur.
The centaur is moderately wounded.
The javelin barely misses the orc priest.
You hear a shout!
An orc wizard comes into view. It is wielding a +0 trident.
The centaur wields a +0 shortbow.
The centaur shoots an arrow.
The arrow hits you!
The orc priest invokes the aid of Beogh against you.
Beogh smites you!
* * * LOW HITPOINT WARNING * * *
Unknown command.
Unknown command.
Unknown command.
Okay, then.
Okay, then.
The centaur shoots an arrow.
The arrow closely misses you.
Okay, then.
Okay, then.
As you read the scroll of teleportation, it crumbles to dust.
You feel strangely unstable. The orc wizard casts a spell at you.
The puff of flame hits you.
* * * LOW HITPOINT WARNING * * *
Unknown command.
The orc wizard casts a spell at you. The magic dart hits you.
You die...

#######.####
###..........#
###............#
#...............
#.............. ###
#............. ##.##
#............ #...###
##..........# #.....##
##.......†.# #......##
###.......##
#.......####.........#
#........#.......#####
#...............## .
###..........####.#
...o####.............#
#^#
.((..(oc.o...........#
.#
.........#...........#
.#
#.....####...........#
...### #@.........##
.# #..........#
#..........# ##.....<.
.....## ######


You could see an orc wizard (slow).

Vanquished Creatures
  2 black bears (D:4)
  An ogre (D:4)
  4 hounds
  An orc priest (D:2)
  A jelly (D:5)
  2 orc wizards
  4 gnolls
  4 adders
  2 worms
  A dart slug (D:4)
  11 orcs
  6 bats
  4 endoplasms
  A giant cockroach (D:2)
  10 goblins
  7 hobgoblins
  8 jackals
  8 kobolds
  4 quokkas
  8 ball pythons
  4 frilled lizards
  4 rats
97 creatures vanquished.

Notes
Turn   | Place    | Note
-------+----------+-------------------------------------------
     0 | D:1      | petzl the Octopode Arcane Marksman began the quest for the
                  | Orb.
     0 | D:1      | Reached XP level 1. HP: 13/13 MP: 2/2
   186 | D:1      | Reached XP level 2. HP: 18/18 MP: 3/3
   212 | D:1      | Reached skill level 1 in Stealth
   469 | D:1      | Found a faded altar of an unknown god.
   944 | D:2      | Reached XP level 3. HP: 20/23 MP: 5/5
  1790 | D:2      | You fall into a shaft and drop 1 floor!
  2030 | D:3      | Reached XP level 4. HP: 28/28 MP: 5/7
  2059 | D:3      | Found a sacrificial altar of Ru.
  3111 | D:2      | Reached XP level 5. HP: 19/34 MP: 8/8
  3627 | D:3      | Found a runed translucent gate.
  3627 | D:3      | Found a runed translucent gate.
  3627 | D:3      | Found a runed translucent gate.
  3629 | D:3      | Noticed Strife64's ghost (amateur DjCj)
  4710 | D:3      | Reached XP level 6. HP: 38/40 MP: 10/10
  5038 | D:4      | Noticed a black bear
  5209 | D:4      | Noticed a black bear
  5227 | D:4      | Killed a black bear
  5603 | D:5      | Entered Level 5 of the Dungeon
  5632 | D:5      | Found a sparkling altar of Nemelex Xobeh.
  5644 | D:5      | Noticed a sky beast
  5711 | D:4      | Reached XP level 7. HP: 40/45 MP: 12/12
  6556 | D:5      | Killed from afar by an orc wizard

Illustrated notes

Levels and vault maps discovered:
D:1:      wander_arrival_peaceful_grave, layout_loops_ring,
          ebering_ecumenical_altar_webs, serial_aquarium,
          aquarium_bridge_island_small [aquarium_subvault_small_open,
          aquarium_subvault_window, aquarium_subvault_window,
          aquarium_subvault_bridge, aquarium_subvault_bridge],
          aquarium_window_1, aquarium_window_fake, aquarium_window_corner,
          aquarium_window_double, aquarium_view_2c, aquarium_view_2b,
          aquarium_balcony_1a, serial_bayou_crossing
D:2:      layout_rooms, guppyfry_early_orc_mine
D:3:      layout_basic, nicolae_ru_great_annihilating_truth,
          gammafunk_ghost_necromancy
D:4:      layout_gridville, minmay_increasing_density
D:5:      layout_cave_pods, mainiacjoe_overflow_alcove_1, temple_pool_b,
          minmay_misc_feat_iff, kennysheep_generic_room_7

Skill      XL: |  1  2  3  4  5  6  7 |
---------------+----------------------+-----
Stealth        | 1 2 3 4 |  4.4
Spellcasting   | 2 3 4 |  4.2
Fighting       | 2 3 |  3.2
Dodging        | 3 |  3.8
Crossbows      | 3 |  3.8
Hexes          | |  3.0

Action                   |  1- 3 |  4- 6 |  7- 9 || total
-------------------------+-------+-------+-------++-------
Melee: Short sword       |    28 |    54 |       ||    82
       Tentacles         |     9 |    11 |     1 ||    21
       Constrict         |     6 |    28 |     2 ||    36
       Mace              |       |    61 |    14 ||    75
 Fire: Hand crossbow     |    67 |    14 |    18 ||    99
Throw: Javelin           |       |    14 |     3 ||    17
       Dart              |       |     2 |     8 ||    10
 Cast: Slow              |     1 |    17 |    14 ||    32
  Use: Scroll            |     1 |     2 |     1 ||     4
       Potion            |       |     2 |       ||     2
 Stab: Sleeping          |     2 |     7 |     1 ||    10
Armor: Skin              |     2 |    32 |     3 ||    37
Dodge: Dodged            |    41 |   123 |    15 ||   179

Table legend: (Time is in decaauts)
 A = Elapsed time spent in this place.
 B = Non-inter-level travel time spent in this place.
 C = Inter-level travel time spent in this place.
 D = Time resting spent in this place.
 E = Time spent auto-exploring this place.
 F = Levels seen in this place.
 G = Mean time per level.
                   A        B        C        D        E       F      G
               +--------+--------+--------+--------+--------+-----+--------+
         Total |   6662 |   6402 |    260 |   2525 |   1666 |   5 | 1332.4 |
       Dungeon |   6662 |   6402 |    260 |   2525 |   1666 |   5 | 1332.4 |
               +--------+--------+--------+--------+--------+-----+--------+

Top non-repeatable levels by time:
     D:2: 2986 daAuts
     D:3: 1347 daAuts
     D:4: 1210 daAuts
     D:1: 928 daAuts
     D:5: 189 daAuts
